 Dungeon Crawl Stone Soup version 0.29-a0-330-g52719c12eb (webtiles) character file.

Game seed: 6818402255755600521

3303 night the Archer (level 9, -10/66 HPs)
             Began as a Demonspawn Hunter on May 4, 2022.
             Was an Initiate of Gozag.
             Mangled by an orc warrior
             ... wielding a +0 war axe
              (25 damage)
             ... in a bailey.
             The game lasted 00:26:43 (8130 turns).

night the Archer (Demonspawn Hunter)                Turns: 8130, Time: 00:26:44

Health: -10/66     AC: 15    Str: 11    XL:     9   Next: 70%
Magic:  14/14      EV:  2    Int: 15    God:    Gozag
Gold:   465        SH:  5    Dex: 23    Spells: 5/15 levels left

rFire   . . .      SeeInvis .   b - +2 dagger (venom)
rCold   . . .      Faith    .   (no shield)
rNeg    . . .      Spirit   .   j - +0 plate armour
rPois   .          Reflect  +   A - +0 helmet
rElec   .          Harm     .   p - +0 cloak
rCorr   .          Rampage  .   (no gloves)
Will    +....                   F - +0 pair of boots
Stlth   ..........              k - amulet of reflection
HPRegen 0.21/turn               n - ring of willpower
MPRegen 0.28/turn               v - +6 ring of dexterity

@: no status effects
A: slimy green scales 1, powered by death 2, magic regeneration, weakness
stinger 2
a: Renounce Religion, Potion Petition, Call Merchant, Bribe Branch


You were in a bailey.
You worshipped Gozag.
Gozag was aware of your devotion.
You visited 2 branches of the dungeon, and saw 9 of its levels.
You also visited: Bailey.

You collected 582 gold pieces.
You paid 117 gold pieces to Gozag.

Inventory:

Hand Weapons
 a - a +2 shortbow
 b - a +2 dagger of venom (weapon)
 I - a +2 falchion
 J - a +4 short sword of freezing
Missiles
 i - 178 stones
 C - 5 boomerangs of dispersal
 D - 2 throwing nets
 H - 5 poisoned darts
Armour
 d - a +0 leather armour
 g - a +0 ring mail
 j - a +0 plate armour (worn)
 p - a +0 cloak (worn)
 A - a +0 helmet (worn)
 F - a +0 pair of boots (worn)
Jewellery
 k - an amulet of reflection (around neck)
 n - a ring of willpower (left hand)
 v - a +6 ring of dexterity (right hand)
Wands
 t - a wand of flame (11)
 z - a wand of mindburst (2)
Scrolls
 c - 3 scrolls of immolation
 e - a scroll of blinking
 o - 4 scrolls of teleportation
 s - 2 scrolls of fog
 u - a scroll of noise
Potions
 f - 2 potions of berserk rage
 h - 2 potions of heal wounds
 l - 8 potions of curing
 m - a potion of mutation
 B - 2 potions of lignification
 E - a potion of haste {unknown}


   Skills:
 + Level 4.7 Fighting
 + Level 10.2 Bows
 - Level 1.7 Dodging
 - Level 0.8 Stealth
 + Level 3.6 Spellcasting
 + Level 4.1 Conjurations
 * Level 4.4 Fire Magic


You had 5 spell levels left.
You knew the following spells:

 Your Spells              Type           Power      Damage    Failure   Level
a - Foxfire               Conj/Fire      60%        2x1d7     100%        1
b - Flame Wave            Conj/Fire      15%        2d6       100%        4
c - Fireball              Conj/Fire      7%         3d5       100%        5

Your spell library contained the following spells:

 Spells                   Type           Power      Damage    Failure   Level
 Animate Skeleton         Necr           4%         N/A       100%        1
 Apportation              Tloc           4%         N/A       100%        1
 Summon Small Mammal      Summ           8%         N/A       100%        1
 Conjure Flame            Conj/Fire      15%        6-21      100%        3
 Inner Flame              Hex/Fire       9%         N/A       100%        3
 Alistair's Intoxication  Tmut/Pois      1%         N/A       100%        5
 Starburst                Conj/Fire      7%         6d4       100%        6
 Ignition                 Fire           7%         3d5       100%        8


Dungeon Overview and Level Annotations

Branches:
Dungeon (8/15)             Temple (1/1) D:7          Bailey (1/1)
   Lair: D:8-11

Altars:
Ashenzari
Cheibriados
Dithmenos
Elyvilon
Fedhas
Gozag
Hepliaklqana
Kikubaaqudgha
Makhleb
Nemelex Xobeh
Okawaru
Qazlal
Ru
Sif Muna
Trog
Uskayaw
Vehumet
Xom
Yredelemnul
Zin
The Shining One


Innate Abilities, Weirdness & Mutations

You are partially covered in slimy green scales. (AC +2)
You regenerate health from kills.
You regenerate magic rapidly.
You have a tail ending in a sharp stinger.


Message History

The hobgoblin is distracted by your dazzling golden aura.
The gnoll hits you with a +0 war axe.
You hit the gnoll.
You kill the gnoll!
You closely miss the hobgoblin.
The hobgoblin is no longer distracted by gold.
The hobgoblin completely misses you.
The goblin is distracted by your dazzling golden aura.
Okay, then.
The hobgoblin attacks as you move away!
The hobgoblin hits you with a +0 hand axe.
The goblin is no longer distracted by gold.
You hit the hobgoblin.
The hobgoblin is poisoned.
You tail-slap the hobgoblin.
You kill the hobgoblin!
You hit the orc warrior but do no damage.
The orc warrior is poisoned.
Your tail-slap misses the orc warrior.
The orc warrior hits you with a +0 war axe!
You hit the orc warrior.
The orc warrior looks as sick as possible!
You tail-slap the orc warrior, but do no damage.
The orc warrior is lightly wounded.
The orc warrior barely misses you.
You barely miss the orc warrior.
The orc warrior is moderately wounded.
You hit the orc knight but do no damage.
The orc knight is poisoned.
You tail-slap the orc knight.
The orc knight is lightly wounded.
You barely miss the orc knight.
You tail-slap the orc knight, but do no damage.
The orc knight is lightly wounded.
The orc knight hits you with a +0 battleaxe!
The orc warrior hits you with a +0 war axe!
You closely miss the orc knight.
You tail-slap the orc knight, but do no damage.
The orc knight is lightly wounded.
The orc knight hits you with a +0 battleaxe!
* * * LOW HITPOINT WARNING * * *
The orc warrior hits you with a +0 war axe!!
You die...
Your body crumbles into a pile of gold.

≈≈≈≈≈#$ $ #≈≈≈≈≈#
######### ##### #≈≈≈≈≈#
#...@ogg#.....+ #≈≈≈≈≈#
#.8.8o8g$.....#
#≈≈≈≈≈######...###########
#≈≈≈≈≈≈.#......#
##.≈≈≈≈≈.#......#
...≈≈≈≈≈.#''#####
...≈≈≈≈≈.#.....#
.......).'.....#
..[)[....'!.⌠..#


You could see an orc knight (very poisoned), an orc warrior (strong, very
poisoned), a gnoll, a hobgoblin and a goblin.

Vanquished Creatures
  An orc knight (Bailey)
  Prince Ribbit (D:7)
  A wyvern (D:8)
  2 ice beasts (D:6)
  4 orc warriors
  A sky beast (D:6)
  A black bear (D:5)
  4 ogres
  2 phantoms
  2 bullfrogs (D:7)
  A necrophage (D:6)
  A scorpion (D:6)
  3 wights (D:7)
  3 killer bees (D:7)
  An electric eel (Bailey)
  A howler monkey (D:6)
  2 gnoll shamans
  5 orc priests (D:7)
  2 orc wizards (D:7)
  Terence (D:3)
  3 iguanas
  14 gnolls
  10 adders
  A white imp (D:5)
  An ufetubus (D:5)
  A worm (D:4)
  3 dart slugs
  19 orcs
  5 endoplasms
  3 giant cockroaches
  8 goblins
  9 hobgoblins
  4 jackals (D:4)
  4 quokkas
  4 ball pythons
  2 bats
  3 frilled lizards
  6 kobolds
  A rat (D:1)
140 creatures vanquished.

Vanquished Creatures (others)
  An orc wizard (D:7)
  A gnoll (D:4)
  54 foxfires
  4 fungi (D:6)
60 creatures vanquished.

Grand Total: 200 creatures vanquished

Notes
Turn   | Place    | Note
-------+----------+-------------------------------------------
     0 | D:1      | night the Demonspawn Hunter began the quest for the Orb.
     0 | D:1      | Reached XP level 1. HP: 16/16 MP: 1/1
   423 | D:1      | Reached skill level 4 in Bows
   548 | D:1      | Gained mutation: You regenerate a little health from kills.
                  | [demonic ancestry]
   548 | D:1      | Reached XP level 2. HP: 22/22 MP: 2/2
   608 | D:1      | Found a faded altar of an unknown god.
   886 | D:2      | Gained mutation: You have a small tail. [demonic ancestry]
   886 | D:2      | Reached XP level 3. HP: 27/27 MP: 3/3
  1403 | D:3      | Reached skill level 5 in Bows
  1513 | D:3      | Gained mutation: You regenerate health from kills. [demonic
                  | ancestry]
  1513 | D:3      | Reached XP level 4. HP: 33/33 MP: 4/4
  1716 | D:3      | Identified the +0 robe of Eternal Vigilance {rN+ rCorr
                  | Int+4 Dex-2}
  1742 | D:3      | Noticed Terence
  1758 | D:3      | Killed Terence
  1893 | D:4      | You fall into a shaft and drop 2 floors!
  1897 | D:6      | Noticed a scorpion
  1907 | D:6      | Killed a scorpion
  1908 | D:6      | Reached skill level 6 in Bows
  1908 | D:6      | Gained mutation: You are partially covered in slimy green
                  | scales. (AC +2) [demonic ancestry]
  1908 | D:6      | Reached XP level 5. HP: 35/38 MP: 5/5
  2011 | D:6      | Noticed a sky beast
  2026 | D:6      | Killed a sky beast
  2280 | D:5      | Entered Level 5 of the Dungeon
  2288 | D:5      | Noticed an ogre
  2301 | D:5      | Killed an ogre
  2302 | D:5      | Reached skill level 7 in Bows
  2302 | D:5      | Reached XP level 6. HP: 44/44 MP: 6/6
  2446 | D:4      | Gained mutation: You have a tail ending in a sharp stinger.
                  | [demonic ancestry]
  2446 | D:4      | Reached XP level 7. HP: 40/50 MP: 7/7
  2487 | D:4      | Reached skill level 8 in Bows
  3359 | D:5      | HP: 5/50 [gnoll/+0 halberd (5)]
  4473 | D:6      | Reached skill level 9 in Bows
  4522 | D:6      | Gained mutation: You regenerate magic rapidly. [demonic
                  | ancestry]
  4522 | D:6      | Reached XP level 8. HP: 48/56 MP: 8/8
  4583 | D:6      | Learned a level 1 spell: Foxfire
  4696 | D:6      | Reached skill level 1 in Spellcasting
  4696 | D:6      | Reached skill level 1 in Conjurations
  4696 | D:6      | Reached skill level 1 in Fire Magic
  5258 | D:7      | Reached skill level 2 in Conjurations
  5288 | D:7      | Reached skill level 2 in Spellcasting
  5288 | D:7      | Reached skill level 2 in Fire Magic
  5457 | D:7      | Found a staircase to the Ecumenical Temple.
  5468 | Temple   | Entered the Ecumenical Temple
  5852 | Temple   | Became a worshipper of Gozag Ym Sagoz the Greedy
  6018 | D:7      | Noticed Prince Ribbit
  6037 | D:7      | Killed Prince Ribbit
  6038 | D:7      | Reached XP level 9. HP: 33/65 MP: 8/12
  6332 | D:7      | Reached skill level 10 in Bows
  6755 | D:7      | Learned a level 4 spell: Flame Wave
  6761 | D:7      | Learned a level 5 spell: Fireball
  7127 | D:8      | Found a flagged portal.
  7134 | Bailey   | Entered a bailey
  7699 | Bailey   | Noticed an orc knight
  7740 | Bailey   | HP: 5/65 [orc knight/+0 war axe (18)]
  7743 | Bailey   | Killed an orc knight
  8114 | Bailey   | Noticed an orc knight
  8130 | Bailey   | Mangled by an orc warrior

Illustrated notes

Levels and vault maps discovered:
D:1:      sevenhm_arrival_forest_fort_large_2, layout_basic,
          dreamdust_ecumenical_altar_hidden_monk_grotto, serial_glass,
          glass_columns_c, glass_columns_a, roderic_cross_of_infinity,
          minmay_pentomino_v4
D:2:      layout_rooms, minmay_misc_feat_rows, kennysheep_generic_room_8
D:3:      layout_loops_ring, uniq_terence
D:4:      layout_loops_corners, minmay_close_crescents
D:5:      layout_gridville, st_stairs_7, hangedman_abyss_or_decor_passed,
          grunt_ministairs_11, chequers_serial_rivers_large_a
D:6:      layout_basic, serial_aquarium, aquarium_bridge_island_small
          [aquarium_subvault_small_open, aquarium_subvault_wall,
          aquarium_subvault_bridge, aquarium_subvault_window,
          aquarium_subvault_bridge], aquarium_window_2, aquarium_window_2,
          aquarium_view_2f, nicolae_elevator_lobby_asterisk
D:7:      layout_basic, minmay_temple_entry_glassed_door,
          minmay_misc_feat_secret_circle, minmay_misc_feat_tower,
          uniq_prince_ribbit1
D:8:      layout_basic, nicolae_wu_jian_glorious_leap, enter_bailey_3
Temple:   mainiacjoe_temple_trianglar_array
Bailey:   bailey_axe_of_yendor_kennysheep, bailey

Skill      XL: |  1  2  3  4  5  6  7  8  9 |
---------------+----------------------------+-----
Bows           | 4 5 6 7 9 10 | 10.2
Spellcasting   | 2 3 |  3.6
Conjurations   | 2 4 |  4.1
Fire Magic     | 2 4 |  4.4
Fighting       | 3 4 |  4.7
Dodging        | |  1.7
Stealth        | |  0.8

Action                   |  1- 3 |  4- 6 |  7- 9 || total
-------------------------+-------+-------+-------++-------
Melee: Dagger            |     2 |    17 |   112 ||   131
       Tailslap          |       |     4 |    36 ||    40
       Punch             |       |       |     1 ||     1
 Fire: Shortbow          |    61 |    39 |   214 ||   314
Throw: Boomerang         |       |       |     1 ||     1
 Cast: Foxfire           |       |       |    29 ||    29
Evoke: Wand              |       |       |    14 ||    14
  Use: Scroll            |     4 |     5 |    10 ||    19
       Potion            |       |       |     4 ||     4
 Stab: Sleeping          |       |     1 |       ||     1
Armor: Ring mail         |     6 |    15 |    42 ||    63
       Leather armour    |       |       |    23 ||    23
       Plate armour      |       |       |     1 ||     1
Dodge: Dodged            |     8 |    28 |   109 ||   145
Block: Other             |       |       |    35 ||    35

Table legend: (Time is in decaauts)
 A = Elapsed time spent in this place.
 B = Non-inter-level travel time spent in this place.
 C = Inter-level travel time spent in this place.
 D = Time resting spent in this place.
 E = Time spent auto-exploring this place.
 F = Levels seen in this place.
 G = Mean time per level.
                   A        B        C        D        E       F      G
               +--------+--------+--------+--------+--------+-----+--------+
         Total |   8200 |   7620 |    580 |   1188 |   4975 |  10 |  820.0 |
       Dungeon |   6809 |   6280 |    529 |    537 |   4641 |   8 |  851.1 |
        Temple |    397 |    346 |     51 |      0 |    334 |   1 |  397.0 |
        Bailey |    993 |    993 |      0 |    651 |      0 |   1 |  993.0 |
               +--------+--------+--------+--------+--------+-----+--------+

Top non-repeatable levels by time:
     D:7: 1353 daAuts
     D:5: 1205 daAuts
     D:6: 1199 daAuts
     D:4: 1047 daAuts
  Bailey: 993 daAuts
     D:1: 794 daAuts
     D:2: 669 daAuts
     D:3: 501 daAuts
  Temple: 397 daAuts
     D:8: 37 daAuts
